 Dungeon Crawl Stone Soup version 0.31.0-11-ge490571c62 (webtiles) character file.

Game seed: 2666293355552859061

7 Bravepunisher the Ducker (level 1, -2/11 HPs)
             Began as a Spriggan Monk on Jan 27, 2024.
             Slain by a wyvern (7 damage)
             ... on level 4 of the Dungeon.
             The game lasted 00:01:34 (317 turns).

Bravepunisher the Ducker (Spriggan Monk)             Turns: 317, Time: 00:01:35

Health: -2/11      AC:  2    Str:  7    XL:     1   Next: 91%
Magic:  2/2        EV: 19    Int: 11    God:
Gold:   15         SH:  0    Dex: 17    Spells: 0/0 levels left

rFire   . . .        a - +0 short sword
rCold   . . .        (no shield)
rNeg    . . .        b - +0 robe
rPois   .            (helmet restricted)
rElec   .            (no cloak)
rCorr   .            (gloves unavailable)
SInv    +            (boots unavailable)
Will    .....        (no amulet)
Stlth   ++           (no ring)
HPRegen 0.21/turn    (no ring)
MPRegen 0.08/turn

%: no passive effects
@: very quick
A: very small, no large weapons, unfitting armour, see invisible, speed 3
a: no special abilities


You were on level 4 of the Dungeon.
You visited 1 branch of the dungeon, and saw 4 of its levels.

You collected 15 gold pieces.

Inventory:

Hand Weapons
 a - a +0 short sword (weapon)
Armour
 b - a +0 robe (worn)
 f - a +0 cloak
Scrolls
 d - 3 scrolls of amnesia {unknown}
Potions
 c - a potion of ambrosia
 e - a potion of haste {unknown}


   Skills:
 * Level 2.7 Fighting
 - Level 3.2 Short Blades
 + Level 4.2 Dodging


You couldn't memorise any spells.
You didn't know any spells.
Your spell library was empty.

Dungeon Overview and Level Annotations

Branches:
Dungeon (4/15)
 Temple: D:4-7

Altars:


Innate Abilities, Weirdness & Mutations

You are very small and have problems with some larger weapons.
You are too small for most types of armour.
You have supernaturally acute eyesight. (SInv)
You cover ground extremely quickly. (Speed+++)


Message History

You kill the goblin!
A jackal comes into view.
The jackal barks!
You hit the giant cockroach but do no damage.
The giant cockroach closely misses you.
You hit the giant cockroach but do no damage.
The giant cockroach misses you.
You hit the giant cockroach.
The giant cockroach is severely wounded.
The giant cockroach barely misses you.
You hit the giant cockroach.
You kill the giant cockroach!
You closely miss the jackal. The jackal misses you.
A hound comes into view.
The jackal closely misses you. As you open the door, it creaks loudly!
You hear a bark!
The hound barks!
The jackal completely misses you.
A jackal comes into view.
The jackal attacks as it pursues you! The jackal misses you.
There is an open door here.
An orc comes into view. It is wielding a +0 club.
The orc shouts!
Found a stone staircase leading down.
A ribbon worm comes into view.
A ball python comes into view.
Found a book of Flames.
The ball python hisses angrily.
A jelly comes into view.
A wyvern comes into view.
The wyvern hisses angrily.
An endoplasm comes into view.
An adder comes into view.
Found a yellow potion.
The wyvern misses you. The wyvern attacks as it pursues you!
The wyvern bites you.
Ouch! That really hurt!
The wyvern attacks as it pursues you! The wyvern completely misses you.
You hit the adder.
The adder is moderately wounded.
The wyvern bites you!
Ouch! That really hurt!
You die...

#.....#...#.##
#..........h..
###..h###.#.#.
###.# #...#
#.#.#. #...#
#...# #.#.#.
#.#.# #hh.#
#.#.#. #...#
#.### #.#.##
#S#.# #S#
#.#.# #@J.#
#.# #.#..
#k#J# #.#
#...# #.#
###.###.#
#.....#
#######


You could see a wyvern, a jelly, an adder and an endoplasm.

Vanquished Creatures
  2 giant cockroaches
  A quokka (D:4)
  A ball python (D:1)
  2 goblins
  A rat (D:1)
7 creatures vanquished.

Notes
Turn   | Place    | Note
-------+----------+-------------------------------------------
     0 | D:1      | Bravepunisher the Spriggan Monk began the quest for the
                  | Orb.
     0 | D:1      | Reached XP level 1. HP: 11/11 MP: 2/2
   257 | D:4      | Noticed a hound
   278 | D:4      | Noticed a hound
   310 | D:4      | Noticed a jelly
   312 | D:4      | Noticed a wyvern
   317 | D:4      | Slain by a wyvern

Illustrated notes

Levels and vault maps discovered:
D:1:      tarquinn_simple_flora_water_a, layout_basic, serial_curves,
          eino_curves_03, eino_curves_03, eino_curves_01, eino_curves_03,
          amcnicky_mini_corridor_feature
D:2:      layout_loops_ring, nicolae_figureground_pulse
D:3:      layout_basic
D:4:      layout_basic, supply_closet_lemuel, hangedman_minor_gate_pass,
          uniq_robin

Action                     || total
---------------------------++-------
  Melee: Short sword       ||    30
 Armour: Robe              ||    11
  Dodge: Dodged            ||    30
